 Dungeon Crawl Stone Soup version 0.26.1-16-g4e020e15dc (webtiles) character file.

Game seed: 10727275400982593579

652422 tkbsonic5 the Slayer (level 26, -1/193 (195) HPs)
             Began as a Demigod Fighter on Apr 10, 2023.
             Killed from afar by a green draconian knight (21 damage)
             ... with a bolt of cold
             ... on level 5 of the Realm of Zot on Oct 1, 2023.
             The game lasted 07:27:28 (75579 turns).

tkbsonic5 the Slayer (Demigod Fighter)             Turns: 75579, Time: 07:27:29

HP:   -1/193 (195)  AC: 31    Str: 29    XL:     26   Next: 44%
MP:   0/36          EV: 10    Int: 10    God:
Gold: 1465          SH:  0    Dex: 20    Spells: 13/25 levels left

rFire    + + +     SeeInvis +   V - +9 broad axe (freeze) {(7!, 21!!!) (runes of passage)}
rCold    x . .     Faith    .   s - +0 kite shield {AC+3}
rNeg     + . .     Spirit   +   i - +7 storm dragon scales {Bai Suzhen, 25, rE}
rPois    .         Reflect  .   O - +2 hat of the Bear Spirit {Spirit, +Rage rN+ Will++, Lavaburst (Red Blowout)}
rElec    +         Harm     .   d - scarf {repulsion} {(Blue Velvet)}
rCorr    .         Rampage  .   T - +2 pair of gloves of Ikurr {*Contam rF+++ rC- Regen+}
Will     ++++.     Rnd*Tele +   n - +2 pair of boots {Fly}
Stlth    ..........             f - amulet of regeneration {Bitch I Am Invincible}
HPRegen  1.22/turn              Q - +4 ring of slaying {Berserker Ring}
MPRegen  0.25/turn              p - ring of Nidoiv {MP+9 Dex+3 SInv, sight beyond sight}

@: berserk cooldown, flying, held, studying Shields, lightly drained, repel
missiles
A: horns 1, large bone plates 1, blurry vision 3, clumsy 1, deformed body, dopey
1, frail 2, high mp 1, teleportitis 1, weak 1, subdued magic 1
0: Orb of Zot
}: 3/15 runes: barnacled, silver, gossamer
a: Stop Flying, Evoke Berserk Rage


You were on level 5 of the Realm of Zot.
You visited 10 branches of the dungeon, and saw 51 of its levels.

You collected 9990 gold pieces.
You spent 8525 gold pieces at shops.

Inventory:

Hand Weapons
 o - a +1 executioner's axe of protection
 u - the +7 war axe of the King {vorpal, rC++}
   (You found it on level 3 of the Realm of Zot)

   It inflicts extra damage upon your enemies.
   It greatly protects you from cold.
 z - the +11 rapier of Understanding {venom, Int+5 Dex+2, 15, 19, P [Venom Stack]}
   (You bought it in a shop on level 2 of the Orcish Mines)

   It poisons the flesh of those it strikes.
   It affects your intelligence (+5).
   It affects your dexterity (+2).
 A - the +8 long sword of Yceddeo {freeze, rPois Str-5 Int+6, (9,17+?)}
   (You took it off a vault guard on level 5 of the Vaults)

   It has been specially enchanted to freeze those struck by it, causing extra
   injury to most foes and up to half again as much damage against particularly
   susceptible opponents.
   It can also slow down cold-blooded creatures.
   It affects your strength (-5).
   It affects your intelligence (+6).
   It protects you from poison.
 U - the +8 whip "Snakebite" {curare, rPois, (10,14+#)}
   (You found it on level 3 of the Crypt)

   It poisons the flesh of those it strikes.
   It protects you from poison.
 V - a +9 broad axe of freezing (weapon) {(7!, 21!!!) (runes of passage)}
Missiles
 C - 44 javelins (quivered) {careful, now...}
 E - 7 silver javelins
 M - 12 throwing nets
Armour
 d - a scarf of repulsion (worn) {(Blue Velvet)}
 i - +7 storm dragon scales (worn) {Bai Suzhen, 25, rE}
 n - a +2 pair of boots of flying (worn)
 s - a +0 kite shield of protection (worn)
 J - a +3 crystal plate armour {oceanic trench mail (28)}
 O - the +2 hat of the Bear Spirit (worn) {Spirit, +Rage rN+ Will++, Lavaburst (Red Blowout)}
   (You bought it in a shop on level 2 of the Orcish Mines)

   It protects you from negative energy.
   It affects your willpower, your defense against some magical effects.
   It lets you go berserk.
 T - the +2 pair of gloves of Ikurr (worn) {*Contam rF+++ rC- Regen+}
   (You found it on level 3 of the Crypt)

   It renders you almost immune to fire.
   It makes you vulnerable to cold.
   It causes magical contamination when unequipped.
   It increases your rate of regeneration.
Jewellery
 b - an uncursed ring of resist corrosion
 f - an amulet of regeneration (around neck) {Bitch I Am Invincible}
 k - an uncursed ring of willpower
 m - a +6 ring of strength {unknown}
 p - the ring of Nidoiv (right hand) {MP+9 Dex+3 SInv, sight beyond sight}
   (You bought it in a shop on level 2 of the Orcish Mines)

   [ring of magical power]

   It affects your dexterity (+3).
   It affects your magic capacity (+9).
   It lets you see invisible.
 F - an uncursed ring of positive energy
 L - a +4 ring of protection
 Q - a +4 ring of slaying (left hand) {Berserker Ring}
 R - a +4 ring of slaying {hideous disfigurements}
 Y - an uncursed ring of protection from cold
Wands
 q - a wand of acid (4)
 r - a wand of disintegration (32)
 D - a wand of digging (26)
 I - a wand of paralysis (1)
Scrolls
 a - 5 scrolls of identify
 t - 12 scrolls of teleportation
 v - a scroll of fear
 x - 25 scrolls of remove curse
 K - a scroll of silence
 P - a scroll of blinking
 W - a scroll of fog
 X - 6 scrolls of magic mapping
Potions
 c - 2 potions of might
 g - 4 potions of cancellation
 B - 2 potions of magic
 H - a potion of haste
 Z - 9 potions of curing
Books
 w - a manual of Shields
Miscellaneous
 h - a tin of tremorstones (2/2)
 l - a condenser vane
 y - a box of beasts
 G - a lightning rod (4/4)
 N - a phial of floods
 S - a phantom mirror


   Skills:
 * Level 21.2 Fighting
 - Level 12.2 Short Blades
 - Level 0.7(7.9) Long Blades
 * Level 20.3(20.6) Axes
 - Level 6.8(15.1) Maces & Flails
 - Level 1.3(13.9) Polearms
 - Level 12.0 Crossbows
 * Level 17.3 Throwing
 + Level 14.8 Armour
 + Level 14.1 Dodging
 + Level 17.5 Shields
 + Level 14.0 Evocations


You had 13 spell levels left.
You knew the following spells:

 Your Spells              Type           Power        Failure   Level
a - Animate Skeleton      Necr           0%           73%         1
b - Beastly Appendage     Tmut           0%           73%         1
c - Apportation           Tloc           0%           73%         1
d - Summon Small Mammal   Summ           0%           73%         1
e - Blink                 Tloc           N/A          86%         2
f - Poisonous Vapours     Pois/Air       0%           86%         2
g - Sting                 Tmut/Pois      0%           73%         1
h - Shock                 Conj/Air       0%           73%         1
i - Pain                  Necr           0%           73%         1
j - Magic Dart            Conj           0%           73%         1

Your spell library contained the following spells:

 Spells                   Type           Power        Failure   Level
 Foxfire                  Conj/Fire      0%           73%         1
 Call Imp                 Summ           0%           86%         2
 Ensorcelled Hibernation  Hex/Ice        0%           86%         2
 Slow                     Hex            0%           86%         2
 Swiftness                Air            0%           86%         2
 Wereblood                Tmut           0%           86%         2
 Call Canine Familiar     Summ           0%           98%         3
 Conjure Flame            Conj/Fire      0%           98%         3
 Gell's Gravitas          Tloc           0%           98%         3
 Ignite Poison            Fire/Tmut/Pois 0%           98%         3
 Inner Flame              Hex/Fire       0%           98%         3
 Lesser Beckoning         Tloc           0%           98%         3
 Mephitic Cloud           Conj/Pois/Air  0%           98%         3
 Spider Form              Tmut/Pois      0%           98%         3
 Static Discharge         Conj/Air       0%           98%         3
 Stone Arrow              Conj/Erth      0%           98%         3
 Summon Guardian Golem    Hex/Summ       0%           98%         3
 Teleport Other           Tloc           0%           98%         3
 Tukima's Dance           Hex            0%           98%         3
 Vampiric Draining        Necr           0%           98%         3
 Airstrike                Air            0%           100%        4
 Animate Dead             Necr           0%           100%        4
 Ice Form                 Ice/Tmut       0%           100%        4
 Iskenderun's Mystic Bla  Conj/Tloc      0%           100%        4
 Olgreb's Toxic Radiance  Pois           0%           100%        4
 Passage of Golubria      Tloc           N/A          100%        4
 Petrify                  Tmut/Erth      0%           100%        4
 Summon Ice Beast         Ice/Summ       0%           100%        4
 Summon Lightning Spire   Summ/Air       0%           100%        4
 Agony                    Necr           0%           100%        5
 Alistair's Intoxication  Tmut/Pois      0%           100%        5
 Blade Hands              Tmut           0%           100%        5
 Bolt of Magma            Conj/Fire/Erth 0%           100%        5
 Borgnjor's Vile Clutch   Necr/Erth      0%           100%        5
 Irradiate                Conj/Tmut      0%           100%        5
 Iskenderun's Battlesphe  Conj           0%           100%        5
 Lightning Bolt           Conj/Air       0%           100%        5
 Metabolic Englaciation   Hex/Ice        0%           100%        5
 Silence                  Hex/Air        0%           100%        5
 Summon Demon             Summ           0%           100%        5
 Summon Forest            Summ/Tloc      0%           100%        5
 Summon Mana Viper        Hex/Summ       0%           100%        5
 Conjure Ball Lightning   Conj/Air       0%           100%        6
 Freezing Cloud           Conj/Ice/Air   0%           100%        6
 Invisibility             Hex            0%           100%        6
 Iron Shot                Conj/Erth      0%           100%        6
 Ozocubu's Refrigeration  Ice            0%           100%        6
 Shadow Creatures         Summ           N/A          100%        6
 Simulacrum               Ice/Necr       0%           100%        6
 Orb of Destruction       Conj           0%           100%        7
 Spellforged Servitor     Conj/Summ      0%           100%        7
 Summon Hydra             Summ           0%           100%        7
 Tornado                  Air            0%           100%        9


Dungeon Overview and Level Annotations

Branches:
Dungeon (15/15)            Temple (0/1) D:5            Lair (6/6) D:11
 Shoals (4/4) Lair:3       Spider (4/4) Lair:4        Slime (0/5) Lair:5
    Orc (2/2) D:10            Elf (2/3) Orc:2        Vaults (5/5) D:13
  Crypt (3/3) Vaults:2       Tomb (0/3) Crypt:3      Depths (5/5) D:15
    Zot (5/5) Depths:5

Shops:
D:7 *(=[   Orc:1 ?   Orc:2 [=*(   Elf:2 :   Vaults:2 :   Vaults:3 (
Depths:1 ((   Depths:2 [

Portals:
Hell: Depths:1 Depths:2 Depths:3 Depths:4 Depths:5
Abyss: Depths:3 Depths:4
Pandemonium: Depths:3
Ziggurat: Depths:5

Annotations:
Lair:6 1 runed translucent door
Zot:2 1 transporter
Zot:4 2 transporters, Qiaf's ghost, legendary FoFi


Innate Abilities, Weirdness & Mutations

You have an increased reservoir of magic. (+10% MP)
You have a pair of small horns on your head.
You are partially covered in large bone plates. (SH +4)
Scrolls take you much longer to read.
You are clumsy. (Dex -2)
Armour fits poorly on your strangely shaped body.
You are dopey. (Int -2)
You are very frail. (-20% HP)
You are occasionally teleported next to monsters.
You are weak. (Str -2)
Your spells are a little easier to cast, but a little less powerful.


Message History

You partially resist.
You feel drained.
The green draconian knight tail-slaps you but does no damage.
The electric golem hurls lightning at you.
The bolt of lightning hits you! You resist.
* * * LOW HITPOINT WARNING * * *
The black draconian monk breathes lightning at you.
The bolt of lightning hits the green draconian knight!!
The bolt of lightning hits you! You resist.
* * * LOW HITPOINT WARNING * * *
Okay, then.
Okay, then.
You feel better.
The electric golem blinks!
The green draconian knight barely misses you.
The green draconian knight tail-slaps you but does no damage.
The electric golem completely misses you.
The electric golem hits you but does no damage. x3
You feel better.
The green draconian knight gestures at you while chanting.
The bolt of cold hits you!!
You feel a terrible chill!
You die...

*,,,,,,,,,,,,,,,,,,,,* #.......
*,,,,,,,,,,,,,,,,,,,,* *#.....^.
*,,,,,,,,,,,,,,,,,,,,**#........
**,,,,,,,,,,,,,,^,,,**#...######
**,,,,,,,,,,,,,,,,**....#*
**,,....,,,,,,,,,,^..##*
**,....##▓▓▓▓▓▓▓▓****
**,,...^.....8q^.▓▓▓▓
**,,,.....^...@qX....▓##
**,,,,......p...*.......##
*,,,,,...............)...# ▓▓▓▓▓
*,,,,,...........(X$.....▓▓▓^..(
**,,,,.......^......p.^..▓▓.....
**^,^...?.^.......d.....▓......
**,,^.^.................X....d
**,,,...............^...▓..§..)
**,,,,...................▓▓.§(..


You could see an orb of fire, 2 Killer Klowns, an electric golem, a black
draconian monk, a green draconian knight (fast, icy armour, invisible), a purple
draconian and 2 Orb Guardians.

Vanquished Creatures
  5 ancient liches
  5 orbs of fire
  3 Killer Klowns
  The ghost of Alunk the Bludgeoner, a legendary GnFi of Cheibriados (Zot:1)
  Bai Suzhen (Spider:3)
  Margery (Crypt:3)
  A curse toe (Zot:2)
  Xtahua (Depths:5)
  Frederick (Crypt:3)
  6 caustic shrikes
  Nikola (Shoals:4)
  10 golden dragons
  Arachne (Spider:2)
  2 bone dragons
  3 electric golems
  15 tentacled monstrosities
  7 titans
  22 Orb Guardians (Zot:5)
  4 quicksilver dragons
  Asterion (Depths:2)
  Polyphemus (Shoals:2)
  10 liches
  9 death cobs
  2 krakens
  5 sphinxes
  5 tengu reavers
  Kirke (Shoals:1)
  2 draconian monks
  An ancient champion (Crypt:2)
  A revenant (Crypt:1)
  12 storm dragons
  A storm dragon (shapeshifter) (Vaults:5)
  10 shadow dragons
  Roxanne (D:15)
  9 fire giants
  7 frost giants
  A draconian scorcher (Zot:4)
  4 draconian knights
  5 deep elf sorcerers
  Louise (Spider:3)
  10 ghost moths
  2 iron dragons (Depths:4)
  13 vault wardens
  7 draconian shifters
  Aizul (Lair:4)
  A draconian stormcaller (Zot:2)
  An orc warlord (Orc:2)
  A deep elf elementalist (Depths:4)
  4 curse skulls
  A caustic shrike skeleton (Depths:2)
  6 war gargoyles
  A ghoul (Vaults:1)
  9 emperor scorpions
  A spriggan defender (Depths:3)
  6 draconian annihilators
  20 very ugly things
  18 ironheart preservers
  19 stone giants
  6 green draconians
  8 black draconians
  2 deep elf demonologists
  3 entropy weavers
  13 purple draconians
  5 red draconians
  5 vampire knights
  Azrael (D:13)
  3 deep elf annihilators
  A dire elephant (D:15)
  5 yellow draconians
  7 spark wasps
  8 white draconians
  A deep elf death mage (Crypt:1)
  16 ettins
  10 merfolk impalers
  7 merfolk javelineers
  Josephine (Spider:1)
  A mummy priest (Crypt:3)
  A deep elf high priest (Depths:4)
  8 jiangshi
  7 great orbs of eyes
  17 fire dragons
  32 vault guards
  13 ice dragons
  4 rakshasas
  17 yaktaur captains
  A hell beast (Depths:3)
  2 spriggan air magi (Depths:4)
  5 merfolk avatars
  6 death knights
  12 boulder beetles
  A catoblepas (Shoals:2)
  9 hydras
  4 merfolk aquamancers
  11 centaur warriors
  2 satyrs
  An anaconda (shapeshifter) (Vaults:3)
  57 two-headed ogres
  25 dancing weapons
  4 tengu warriors
  20 ogre magi
  2 alligator snapping turtles (Shoals:3)
  7 vampire magi
  2 spriggan berserkers
  8 death yaks
  11 deep troll shamans
  9 deep troll earth magi
  2 titan zombies
  A hell hog (Depths:4)
  An orc high priest (Orc:2)
  A storm dragon zombie (Crypt:1)
  13 deep elf knights
  Sonja (Lair:5)
  19 hell knights
  27 skeletal warriors
  A fire crab (shapeshifter) (Vaults:5)
  A spark wasp zombie (Crypt:1)
  2 iron trolls
  3 shadow wraiths
  8 unseen horrors
  A titan skeleton (Crypt:3)
  12 sea snakes
  A goliath frog (shapeshifter) (Vaults:5)
  A sea snake (shapeshifter) (Vaults:5)
  A golden dragon zombie (Depths:2)
  A swamp dragon (shapeshifter) (Vaults:5)
  A ghost moth zombie (Crypt:1)
  A swamp dragon (Lair:6)
  5 flayed ghosts
  A storm dragon skeleton (Depths:2)
  24 deep trolls
  4 wizards
  A glowing orange brain (shapeshifter) (Vaults:5)
  An obsidian statue (Zot:5)
  A lindwurm (Lair:6)
  21 harpies
  2 golden dragon skeletons
  12 deep elf archers
  A tengu zombie (Depths:2)
  9 necromancers
  2 tengu skeletons
  3 glowing orange brains
  9 ironbrand convokers
  14 orc knights
  5 phantasmal warriors
  A wolf spider zombie (Crypt:1)
  60 ugly things
  A sphinx zombie (Vaults:3)
  3 fire giant zombies
  2 salamanders
  15 orb spiders
  5 large abominations
  20 manticores
  57 deep elf magi
  3 frost giant zombies
  14 cyclopes
  4 orc sorcerers
  46 wolf spiders
  A shadow dragon skeleton (Crypt:1)
  7 merfolk sirens
  2 iron dragon skeletons
  12 fauns
  4 spriggan zombies (Depths:2)
  A dire elephant zombie (Crypt:1)
  24 moths of wrath
  5 elephants (Lair:2)
  4 black mambas
  3 fire giant skeletons
  3 human skeletons
  8 vault sentinels
  A stone giant skeleton (Crypt:3)
  7 smoke demons (Crypt:3)
  6 torpor snails
  A torpor snail (shapeshifter) (Depths:5)
  8 gargoyles
  A rust devil (Depths:2)
  5 water nymphs
  10 cane toads
  A shock serpent skeleton (Crypt:3)
  7 freezing wraiths
  A rime drake (shapeshifter) (D:13)
  3 kobold demonologists
  4 rime drakes
  A sea snake zombie (Crypt:2)
  16 demonic crawlers
  An ice devil (Depths:3)
  10 komodo dragons
  An efreet (D:13)
  2 elf zombies (Depths:2)
  40 yaktaurs
  A guardian mummy (Crypt:3)
  36 merfolk
  A red draconian skeleton (Crypt:2)
  2 yaktaur skeletons
  A hellwing (Depths:3)
  4 tyrant leeches (Lair:6)
  3 meliai (shapeshifter)
  38 jumping spiders
  6 tengu conjurers
  A troll (shapeshifter) (Vaults:3)
  7 trolls
  4 polar bears (Lair:1)
  A queen bee (Lair:2)
  A death drake zombie (Crypt:2)
  4 red devils (Crypt:3)
  17 hornets
  A sphinx simulacrum (Vaults:1)
  21 blink frogs
  A stone giant simulacrum (Vaults:3)
  An alligator zombie (Crypt:1)
  A meliai zombie (D:13)
  2 harpy skeletons
  5 wind drakes
  A tengu simulacrum (Vaults:1)
  An ettin zombie (Depths:2)
  8 snapping turtles
  4 flying skulls (Depths:2)
  12 dream sheep
  23 slime creatures
  A tarantella (shapeshifter) (Elf:1)
  A spriggan skeleton (Depths:2)
  62 redbacks
  5 shadows
  A fire giant simulacrum (Vaults:3)
  3 spriggans (Depths:3)
  13 water elementals
  2 air elementals (Elf:2)
  30 tarantellas
  2 ettin skeletons
  3 fire dragon skeletons
  An ice dragon skeleton (Crypt:3)
  6 wyverns
  19 wraiths
  2 vampires
  A spriggan (shapeshifter) (Vaults:4)
  A ynoxinul (Depths:3)
  A hog (shapeshifter) (Vaults:3)
  7 hogs (Shoals:1)
  A human (Lair:3)
  61 yaks
  3 chaos spawn (Depths:3)
  A golden eye (Lair:6)
  An alligator skeleton (Crypt:3)
  3 fire elementals
  An ushabti (Crypt:3)
  6 basilisks
  7 vampire mosquitoes
  Edmund (D:4)
  A deep troll zombie (Crypt:1)
  4 steam dragons
  A swamp worm (shapeshifter) (D:13)
  5 wargs
  A soldier ant (shapeshifter) (Vaults:5)
  4 small abominations
  9 acid dragons
  16 water moccasins
  An infernal demonspawn skeleton (Crypt:1)
  Duvessa (D:5)
  A floating eye (Depths:4)
  11 hell hounds
  A swamp drake (shapeshifter) (Vaults:3)
  2 black bears
  41 orc warriors
  3 swamp drakes (Lair:6)
  6 ice beasts
  3 sky beasts
  2 eyes of draining
  An ettin simulacrum (Vaults:1)
  A snapping turtle zombie (Crypt:1)
  3 phantoms (D:10)
  18 centaurs
  40 ogres
  36 wolves
  A wolf (shapeshifter) (Vaults:5)
  A tengu (shapeshifter) (Vaults:4)
  A hog skeleton (Crypt:2)
  6 big kobolds
  A yaktaur zombie (Crypt:1)
  Blork the orc (D:5)
  20 bullfrogs
  An earth elemental (Elf:2)
  4 gnoll sergeants
  2 elf skeletons
  A draconian skeleton (Crypt:2)
  A wyvern skeleton (D:12)
  Dowan (D:5)
  3 scorpions
  2 human simulacra
  31 killer bees
  14 wights
  5 howler monkeys
  3 electric eels
  2 centaur zombies
  A bullfrog zombie (D:3)
  6 hounds
  10 jellies
  A bullfrog skeleton (D:10)
  30 orc wizards
  20 orc priests
  4 iguanas (Lair:6)
  5 centaur skeletons
  A basilisk skeleton (Crypt:2)
  4 hell rats (Lair:6)
  Natasha (twice) (D:4)
  An iguana (shapeshifter) (Vaults:4)
  A worker ant (shapeshifter) (Depths:5)
  9 worker ants
  6 ogre zombies (D:10)
  A naga zombie (Crypt:1)
  2 hound zombies
  A hound skeleton (D:7)
  8 mummies (Crypt:3)
  A worker ant zombie (D:9)
  22 gnolls
  16 adders
  A river rat (D:8)
  A white imp (D:8)
  3 ufetubi
  2 oozes
  An adder zombie (D:5)
  An adder skeleton (D:5)
  6 worms
  2 dart slugs
  5 leopard geckos
  124 orcs
  6 bats
  5 giant cockroaches
  15 goblins
  8 hobgoblins
  14 jackals
  17 kobolds
  A quokka (D:4)
  4 frilled lizards
  A goblin skeleton (D:10)
  3 goblin zombies (D:10)
  A hobgoblin skeleton (D:10)
  A hobgoblin zombie (D:10)
  14 orc zombies
  6 rats
  4 tentacles (Shoals:1)
2511 creatures vanquished.

Vanquished Creatures (collateral kills)
  A stone giant (Depths:5)
  A green draconian (Depths:5)
  An ice dragon (Depths:5)
  A merfolk aquamancer (Shoals:4)
  A deep elf mage (Elf:1)
  A necromancer (Crypt:1)
  A phantasmal warrior (Crypt:1)
  An orc knight (Vaults:1)
  A merfolk (Shoals:4)
  An ice dragon zombie (Crypt:1)
10 creatures vanquished.

Vanquished Creatures (others)
  A tengu reaver (Vaults:4)
  A fire giant (Depths:4)
  An ironheart preserver (Vaults:5)
  A merfolk impaler (Shoals:4)
  2 hell hogs (Depths:4)
  A deep elf knight (Elf:2)
  An unseen horror (Vaults:1)
  A wolf spider zombie (Crypt:1)
  A demonic crawler (Spider:2)
  2 ettin zombies
  2 redbacks (Spider:1)
  A basilisk (Lair:6)
  An eye of draining (D:13)
  A jelly (D:13)
  A bush (Lair:6)
  43 fungi
  90 plants
  27 tentacles
  39 withered plants (Crypt:3)
217 creatures vanquished.

Grand Total: 2738 creatures vanquished

Notes
Turn   | Place    | Note
-------+----------+-------------------------------------------
     0 | D:1      | tkbsonic5 the Demigod Fighter began the quest for the Orb.
     0 | D:1      | Reached XP level 1. HP: 18/18 MP: 3/3
   245 | D:1      | Identified a +1 pair of boots of running (You found it on
                  | level 1 of the Dungeon)
   429 | D:1      | Reached XP level 2. HP: 25/25 MP: 4/4
   606 | D:1      | Reached skill level 3 in Fighting
   882 | D:1      | Reached XP level 3. HP: 28/31 MP: 5/5
  1540 | D:2      | Reached skill level 1 in Dodging
  1540 | D:2      | Reached XP level 4. HP: 38/38 MP: 6/6
  1617 | D:2      | Found a white marble altar of Elyvilon.
  1965 | D:3      | Reached XP level 5. HP: 28/45 MP: 7/7
  2315 | D:3      | Found a glowing drain.
  2720 | D:3      | Found an iron altar of Okawaru.
  3026 | D:3      | Found a hide-covered altar of Uskayaw.
  3088 | D:3      | Noticed a centaur
  3092 | D:3      | Killed a centaur
  3093 | D:3      | Reached skill level 4 in Fighting
  3093 | D:3      | Reached XP level 6. HP: 48/52 MP: 8/8
  3344 | D:4      | Reached skill level 1 in Throwing
  3366 | D:4      | Found a bloodstained altar of Trog.
  3444 | D:4      | Reached skill level 1 in Evocations
  3508 | D:4      | Noticed Edmund
  3511 | D:4      | Noticed Natasha
  3518 | D:4      | Killed Natasha
  3522 | D:4      | Killed Edmund
  3595 | D:4      | Noticed Natasha
  3600 | D:4      | Killed Natasha
  3601 | D:4      | Reached XP level 7. HP: 60/60 MP: 9/9
  3618 | D:4      | Gained mutation: You are partially covered in large bone
                  | plates. (SH +4) [potion of mutation]
  3618 | D:4      | Gained mutation: You have a pair of small horns on your
                  | head. [potion of mutation]
  3654 | D:4      | Noticed Natasha
  3656 | D:4      | Noticed Natasha
  3656 | D:4      | Natasha changed into Natasha the kobold
  3665 | D:4      | Killed Natasha the kobold
  4204 | D:5      | Entered Level 5 of the Dungeon
  4420 | D:5      | Found an ancient bone altar of Kikubaaqudgha.
  4724 | D:5      | Found a staircase to the Ecumenical Temple.
  4849 | D:5      | Noticed Duvessa
  4849 | D:5      | Noticed Dowan
  4860 | D:5      | Killed Dowan
  4880 | D:5      | Killed Duvessa
  4919 | D:5      | Noticed Blork the orc
  4925 | D:5      | Killed Blork the orc
  5773 | D:7      | Reached XP level 8. HP: 67/67 MP: 10/10
  5832 | D:7      | Found Cuhoont's Jewellery Emporium.
  5853 | D:7      | Reached skill level 5 in Fighting
  5895 | D:7      | Reached skill level 1 in Maces & Flails
  6046 | D:7      | Found a burning altar of Makhleb.
  6220 | D:7      | Found Roejoj's Armour Emporium.
  6225 | D:7      | Found Loifoahug's General Store.
  6233 | D:7      | Bought a scarf of repulsion for 192 gold pieces
  6308 | D:7      | Bought a scroll of remove curse for 45 gold pieces
  6308 | D:7      | Bought a scroll of magic mapping for 52 gold pieces
  6308 | D:7      | Bought a scroll of teleportation for 45 gold pieces
  6671 | D:7      | Found Ruapic's Weapon Boutique.
  7447 | D:9      | Reached skill level 5 in Axes
  7453 | D:8      | Reached XP level 9. HP: 57/74 MP: 11/11
  7454 | D:8      | Reached skill level 5 in Shields
  7476 | D:9      | Reached skill level 6 in Fighting
  7477 | D:9      | Reached skill level 5 in Armour
  7738 | D:9      | Noticed a rime drake
  7738 | D:9      | a yak changed into a rime drake
  7749 | D:8      | Killed a rime drake
  8018 | D:9      | Found a broken altar of Ashenzari.
  8040 | D:9      | Noticed a two-headed ogre
  8041 | D:9      | Noticed a torpor snail
  8041 | D:9      | a two-headed ogre changed into a torpor snail
  8051 | D:9      | Killed a torpor snail
  8180 | D:9      | Found a white marble altar of Elyvilon.
  8389 | D:10     | Entered Level 10 of the Dungeon
  8389 | D:10     | Found a flagged portal.
  8427 | D:10     | Reached XP level 10. HP: 84/84 MP: 13/13
  8435 | D:10     | Identified a scroll of acquirement
  8435 | D:10     | Acquired a manual of Crossbows
  8522 | D:10     | Reached skill level 1 in Crossbows
  8547 | D:10     | Found a staircase to the Orcish Mines.
  8775 | D:10     | Reached skill level 5 in Dodging
  9271 | D:11     | Noticed a cyclops
  9516 | D:11     | Killed a cyclops
  9517 | D:11     | Reached skill level 5 in Throwing
  9517 | D:11     | Reached skill level 5 in Evocations
  9540 | D:11     | Noticed a two-headed ogre
  9555 | D:11     | Killed a two-headed ogre
  9763 | D:11     | Reached skill level 7 in Fighting
  9831 | D:11     | Noticed a boulder beetle
  9847 | D:11     | Killed a boulder beetle
  9926 | D:11     | Found a staircase to the Lair.
  9935 | D:11     | Noticed a rust devil
  9950 | D:11     | Reached XP level 11. HP: 86/92 MP: 14/14
 10575 | Lair:1   | Entered Level 1 of the Lair of Beasts
 10941 | Lair:1   | Reached skill level 5 in Crossbows
 11001 | Lair:1   | Noticed a six-headed hydra
 11007 | Lair:1   | Killed a six-headed hydra
 11844 | Lair:2   | Noticed a seven-headed hydra
 12832 | Lair:2   | Reached skill level 8 in Fighting
 12851 | Lair:2   | Reached XP level 12. HP: 88/101 MP: 15/15
 13713 | Lair:2   | You fall into a shaft and drop 1 floor!
 13817 | Lair:3   | Found a staircase to the Shoals.
 13838 | Lair:3   | Noticed a four-headed hydra
 13865 | Lair:3   | Killed a four-headed hydra
 14195 | Lair:3   | Noticed a six-headed hydra
 14200 | Lair:3   | Killed a six-headed hydra
 14792 | Lair:4   | Noticed a five-headed hydra
 14807 | Lair:4   | Killed a five-headed hydra
 14874 | Lair:4   | Found a hole to the Spider Nest.
 15142 | Lair:4   | Reached XP level 13. HP: 104/110 MP: 16/16
 15250 | Lair:4   | Reached skill level 9 in Fighting
 15747 | Lair:5   | Noticed Sonja
 15761 | Lair:5   | Killed Sonja
 15980 | Lair:5   | Found a staircase to the Slime Pits.
 15982 | Lair:5   | You fall into a shaft and drop 1 floor!
 15982 | Lair:6   | Entered Level 6 of the Lair of Beasts
 16809 | Lair:6   | Found a glowing silver altar of Zin.
 16848 | Lair:6   | Found a runed translucent door.
 17439 | Lair:5   | Got a heavily runed golden amulet
 17440 | Lair:5   | Identified the amulet of Eroge {Spirit Int-3 Dex+5} (You
                  | found it on level 5 of the Lair of Beasts)
 19283 | D:12     | Reached skill level 10 in Fighting
 19401 | D:12     | Reached XP level 14. HP: 113/121 MP: 17/17
 20252 | D:13     | Reached skill level 10 in Axes
 20370 | D:13     | Found a gate to the Vaults.
 20898 | D:13     | Noticed a tengu reaver
 21515 | D:13     | You fall into a shaft and drop 2 floors!
 21515 | D:15     | Entered Level 15 of the Dungeon
 21577 | D:15     | Reached skill level 10 in Shields
 21825 | D:15     | Noticed Roxanne
 22125 | D:14     | Found a viscous altar of Jiyva.
 22653 | D:14     | Reached skill level 10 in Armour
 23026 | D:13     | Killed a tengu reaver
 23027 | D:13     | Reached skill level 11 in Fighting
 23154 | D:13     | Noticed Azrael
 23182 | D:13     | Killed Azrael
 24062 | D:14     | Reached XP level 15. HP: 122/129 MP: 18/18
 25030 | Orc:1    | Entered Level 1 of the Orcish Mines
 25084 | Orc:1    | Found a roughly hewn altar of Beogh.
 25127 | Orc:1    | Found Jiojetics's Magic Scroll Shoppe.
 25163 | Orc:1    | Bought a scroll of enchant weapon for 97 gold pieces
 25163 | Orc:1    | Acquired the ring "Tauch" {rPois rF- rN+ Will+ EV+4}
 25556 | Orc:2    | Entered Level 2 of the Orcish Mines
 25739 | Orc:2    | Found a staircase to the Elven Halls.
 25792 | Orc:2    | Gained mutation: You are clumsy. (Dex -2) [a neqoxec]
 26014 | Orc:2    | Paralysed by an orc sorcerer for 7 turns
 26727 | Orc:2    | Found a roughly hewn altar of Beogh.
 26773 | Orc:2    | Found Suwevit's Jewellery Shop.
 26786 | Orc:2    | Found Gupegutz's Antique Armour Shop.
 26860 | Orc:2    | Bought a tiger eye-studded scale mail for 243 gold pieces
 26860 | Orc:2    | Bought a glimmering chain mail for 256 gold pieces
 26860 | Orc:2    | Bought the +2 hat of the Bear Spirit {Spirit, +Rage rN+
                  | Will++} for 1055 gold pieces
 26860 | Orc:2    | Found the +2 hat of the Bear Spirit {Spirit, +Rage rN+
                  | Will++}
 26860 | Orc:2    | Bought an embroidered scarf for 216 gold pieces
 26860 | Orc:2    | Identified the +4 chain mail of Parts Unknown {rN+ Int+5}
                  | (You bought it in a shop on level 2 of the Orcish Mines)
 26861 | Orc:2    | Identified the +6 scale mail "Nitublon" {Stlth+} (You
                  | bought it in a shop on level 2 of the Orcish Mines)
 26886 | Orc:2    | Bought a +4 ring of protection for 396 gold pieces
 27478 | Orc:2    | Found Pezytint's General Store.
 27494 | Orc:2    | Found Kiotubb's Antique Weapon Shop.
 27724 | Spider:1 | Entered Level 1 of the Spider Nest
 27940 | Orc:2    | Bought an uncursed ring of fire for 275 gold pieces
 28124 | Spider:1 | Noticed Aizul
 28527 | Lair:4   | Killed Aizul
 29580 | Spider:1 | Noticed Josephine
 29590 | Spider:1 | Killed Josephine
 29598 | Spider:1 | Reached skill level 12 in Fighting
 30058 | Spider:1 | Acquired 1051 gold pieces
 32247 | Spider:3 | Reached XP level 16. HP: 141/141 MP: 19/19
 33778 | Spider:3 | Noticed Louise
 33791 | Spider:3 | Noticed Arachne
 33798 | Spider:3 | Killed Louise
 33818 | Spider:2 | Killed Arachne
 34152 | Spider:3 | Reached skill level 13 in Fighting
 34747 | Spider:3 | Noticed Bai Suzhen
 34772 | Spider:3 | Killed Bai Suzhen
 35110 | Spider:4 | Entered Level 4 of the Spider Nest
 35697 | Spider:4 | Got a masterwork chain mail
 35698 | Spider:4 | Identified the cursed +1 chain mail of the Arcane {rElec
                  | rN+ Dex+3} (You found it on level 4 of the Spider Nest)
 36351 | Spider:4 | Reached skill level 14 in Fighting
 36649 | Spider:4 | Reached XP level 17. HP: 79/152 MP: 11/20
 36775 | Spider:4 | Got a gossamer rune of Zot
 37273 | Elf:1    | Entered Level 1 of the Elven Halls
 38003 | Elf:1    | Reached skill level 15 in Axes
 38108 | Elf:1    | Identified the Volume of Supportive Confrontation
 38239 | Orc:2    | Bought the +11 rapier of Understanding {venom, Int+5 Dex+2}
                  | for 1141 gold pieces
 38239 | Orc:2    | Bought a potion of haste for 140 gold pieces
 38239 | Orc:2    | Bought a scroll of brand weapon for 280 gold pieces
 38528 | Elf:1    | Reached skill level 1 in Short Blades
 39205 | Elf:2    | Reached skill level 5 in Short Blades
 39211 | Elf:2    | Noticed a Tzitzimitl
 39620 | Elf:2    | Found a huge runed translucent gate.
 39622 | Elf:2    | Found a huge runed translucent gate.
 39622 | Elf:2    | Found a huge runed translucent gate.
 39624 | Elf:2    | Found a huge runed translucent gate.
 39624 | Elf:2    | Found a huge runed translucent gate.
 39771 | Elf:2    | Found Cauzaq's One-of-a-Kind Books.
 40723 | Vaults:1 | Entered Level 1 of the Vaults
 41387 | Vaults:1 | Reached XP level 18. HP: 162/162 MP: 21/21
 41500 | Vaults:1 | Reached skill level 15 in Fighting
 41647 | Vaults:1 | Reached skill level 10 in Short Blades
 43704 | Vaults:2 | Found Qyntiolo's Book Emporium.
 43957 | Shoals:1 | Entered Level 1 of the Shoals
 44446 | Vaults:2 | Noticed a Tzitzimitl
 44516 | Vaults:2 | Found a staircase to the Crypt.
 45040 | Vaults:2 | Reached skill level 16 in Fighting
 45585 | Vaults:2 | Reached XP level 19. HP: 163/172 MP: 19/22
 46498 | Vaults:3 | Found Faydow Waoq's Weapon Boutique.
 46715 | Vaults:3 | Reached skill level 10 in Dodging
 49166 | D:7      | Bought an uncursed ring of fire for 375 gold pieces
 49166 | D:7      | Bought an uncursed ring of protection from cold for 375
                  | gold pieces
 49166 | D:7      | Bought an uncursed ring of flight for 262 gold pieces
 50142 | Shoals:1 | Reached skill level 10 in Crossbows
 50204 | Shoals:1 | Noticed Kirke
 50222 | Shoals:1 | Killed Kirke
 50402 | Shoals:1 | Reached XP level 20. HP: 166/182 MP: 24/24
 51449 | Shoals:2 | Noticed Polyphemus
 51460 | Shoals:2 | Killed Polyphemus
 52156 | Shoals:3 | Reached skill level 5 in Maces & Flails
 52953 | Shoals:4 | Entered Level 4 of the Shoals
 53117 | Shoals:4 | Noticed Nikola
 53131 | Shoals:4 | Killed Nikola
 53687 | Shoals:4 | Identified the cursed +1 plate armour of the Evil One {+Fly
                  | Regen+}
 54017 | Shoals:4 | Reached skill level 17 in Fighting
 54025 | Shoals:4 | Got a barnacled rune of Zot
 54753 | Vaults:5 | Entered Level 5 of the Vaults
 54892 | Vaults:5 | Identified the amulet "Pomytey" {RegenMP +Fly Str+2}
 55087 | Vaults:5 | Reached XP level 21. HP: 188/189 MP: 25/25
 55103 | Vaults:5 | Reached skill level 10 in Evocations
 55332 | Vaults:5 | Identified the cursed +1 longbow of Feer {vorpal, rElec
                  | rPois} (You found it on level 5 of the Vaults)
 55374 | Vaults:5 | Identified the amulet "Ruekk" {Spirit Str+4}
 55397 | Vaults:5 | Reached skill level 10 in Throwing
 55692 | Vaults:5 | Got a smoking leather armour
 55693 | Vaults:5 | Identified the +2 leather armour of Cacistruh {*Drain rC+
                  | Int+2 Dex+6} (You found it on level 5 of the Vaults)
 56180 | Vaults:5 | Identified the +8 long sword of Yceddeo {freeze, rPois
                  | Str-5 Int+6}
 56180 | Vaults:5 | Identified the +4 hand crossbow of the Extremes {flame,
                  | rPois rF++}
 56513 | Vaults:3 | Bought the +7 flail "Quechub" {drain, +Blink rF++ Will-
                  | SInv} for 1383 gold pieces
 56626 | Vaults:5 | Acquired a +2 crystal plate armour
 56701 | Vaults:5 | Got a silver rune of Zot
 57283 | Vaults:5 | Identified the ring of Wial {rC- rN+ Str+4 Int+7 Stlth-}
 57500 | Crypt:1  | Entered Level 1 of the Crypt
 58957 | Crypt:2  | Reached XP level 22. HP: 176/201 MP: 10/26
 60313 | Crypt:2  | Identified the +0 scale mail of Lir Itzu {rC+ rN+ Regen+}
                  | (You found it on level 2 of the Crypt)
 60435 | Crypt:3  | Entered Level 3 of the Crypt
 61081 | Crypt:3  | Noticed Frederick
 61105 | Crypt:3  | Killed Frederick
 61345 | Crypt:3  | Noticed Margery
 61364 | Crypt:3  | Killed Margery
 61460 | Crypt:3  | Noticed an ancient lich
 61476 | Crypt:3  | Killed an ancient lich
 61596 | Crypt:3  | Got a pair of twisted gloves
 61597 | Crypt:3  | Identified the +2 pair of gloves of Ikurr {*Contam rF+++
                  | rC- Regen+} (You found it on level 3 of the Crypt)
 61689 | Crypt:3  | Reached skill level 18 in Fighting
 61831 | Crypt:3  | Reached skill level 1 in Polearms
 62035 | Crypt:3  | Found an ancient bone altar of Kikubaaqudgha.
 62368 | Crypt:3  | Found a staircase to the Tomb.
 62412 | Crypt:3  | Got a clouded platinum ring
 62492 | Crypt:3  | Found the +8 whip "Snakebite" {curare, rPois}
 62557 | Crypt:3  | Identified the cursed ring "Jilulesh" {Int+3 Dex-4} (You
                  | found it on level 3 of the Crypt)
 62709 | Crypt:3  | Got a sparkling bone amulet
 62957 | Crypt:3  | Identified the amulet "Yleoro" {Spirit rF+ Will+ Stlth-}
 63227 | Crypt:3  | Identified the amulet "Zakkisiu" {Faith rC+ rN+ Str+4} (You
                  | found it on level 3 of the Crypt)
 63762 | D:15     | Killed Roxanne
 63813 | D:15     | Found a staircase to the Depths.
 63867 | Depths:1 | Entered Level 1 of the Depths
 63925 | Depths:1 | Found Gonobuth's Weapon Boutique.
 63929 | Depths:1 | Found Miynynla's Weapon Boutique.
 64069 | Depths:1 | Found a gateway to Hell.
 64179 | Depths:1 | Reached skill level 15 in Shields
 64787 | Depths:2 | Found Naet's Antique Armour Shoppe.
 64848 | Depths:2 | Noticed Asterion
 64860 | Depths:2 | Killed Asterion
 65101 | Depths:2 | Reached XP level 23. HP: 163/211 MP: 21/27
 65402 | Depths:2 | Learned a level 1 spell: Animate Skeleton
 65404 | Depths:2 | Learned a level 1 spell: Beastly Appendage
 65406 | Depths:2 | Learned a level 1 spell: Apportation
 65408 | Depths:2 | Learned a level 1 spell: Summon Small Mammal
 65411 | Depths:2 | Learned a level 2 spell: Blink
 65414 | Depths:2 | Learned a level 2 spell: Poisonous Vapours
 65416 | Depths:2 | Learned a level 1 spell: Sting
 65418 | Depths:2 | Learned a level 1 spell: Shock
 65420 | Depths:2 | Learned a level 1 spell: Pain
 65422 | Depths:2 | Learned a level 1 spell: Magic Dart
 65637 | D:7      | Bought an uncursed ring of wizardry for 450 gold pieces
 65771 | Orc:2    | Bought an uncursed ring of willpower for 275 gold pieces
 65787 | Orc:2    | Bought a condenser vane for 560 gold pieces
 65803 | Orc:2    | Bought the ring of Nidoiv {MP+9 Dex+3 SInv} for 412 gold
                  | pieces
 66377 | Depths:2 | Reached skill level 19 in Fighting
 67123 | Depths:3 | Found a one-way gate leading to the halls of Pandemonium.
 67322 | Depths:3 | Found the +6 Majin-Bo {vamp, MP+6 Int+6}
 67607 | Depths:3 | Found a one-way gate to the infinite horrors of the Abyss.
 69317 | Depths:5 | Entered Level 5 of the Depths
 69317 | Depths:5 | Found a gateway to a ziggurat.
 69330 | Depths:5 | Reached XP level 24. HP: 198/222 MP: 23/27
 69655 | Depths:5 | Noticed Xtahua
 69667 | Depths:5 | Killed Xtahua
 69747 | Depths:5 | Found a gate to the Realm of Zot.
 69944 | Depths:5 | Reached skill level 15 in Throwing
 70030 | Depths:5 | Identified the Almanac of the Dusty Compass
 70713 | Zot:1    | Entered Level 1 of the Realm of Zot
 70921 | Zot:1    | Reached skill level 20 in Fighting
 71445 | Zot:1    | Found a runed translucent door.
 71446 | Zot:1    | Found a shimmering altar of Xom.
 71446 | Zot:1    | Noticed Alunk's ghost (legendary GnFi)
 71761 | Zot:1    | Killed Alunk's ghost
 72174 | Zot:2    | Reached XP level 25. HP: 232/232 MP: 27/27
 72383 | Zot:2    | Found a transporter.
 72564 | Zot:3    | Identified the Volume of Igneous Attacks
 73025 | Zot:3    | Identified the +7 war axe of the King {vorpal, rC++} (You
                  | found it on level 3 of the Realm of Zot)
 73831 | Zot:4    | Found a transporter.
 73834 | Zot:4    | Found a transporter.
 73834 | Zot:4    | Noticed Qiaf's ghost (legendary FoFi)
 74492 | Zot:5    | Entered Level 5 of the Realm of Zot
 74492 | Zot:5    | Noticed an orb of fire
 74517 | Zot:4    | Gained mutation: Scrolls take you a little longer to read.
                  | [an orb of fire]
 74518 | Zot:4    | Killed an orb of fire
 74622 | Zot:5    | Noticed an orb of fire
 74629 | Zot:5    | Gained mutation: You are weak. (Str -2) [an orb of fire]
 74635 | Zot:5    | Killed an orb of fire
 74845 | Zot:5    | Noticed an orb of fire
 74854 | Zot:5    | Killed an orb of fire
 74879 | Zot:5    | Noticed an ancient lich
 74883 | Zot:5    | Killed an ancient lich
 74884 | Zot:5    | Reached XP level 26. HP: 242/242 MP: 27/27
 75043 | Zot:5    | Noticed an orb of fire
 75047 | Zot:5    | Gained mutation: You are frail. (-10% HP) [an orb of fire]
 75058 | Zot:5    | Killed an orb of fire
 75080 | Zot:5    | Reached skill level 21 in Fighting
 75088 | Zot:5    | Noticed an orb of fire
 75089 | Zot:5    | Gained mutation: Scrolls take you longer to read. [an orb
                  | of fire]
 75145 | Zot:5    | Noticed an ancient lich
 75202 | Zot:5    | Noticed an ancient lich
 75218 | Zot:5    | Killed an ancient lich
 75292 | Zot:5    | Gained mutation: Scrolls take you much longer to read. [an
                  | orb of fire]
 75297 | Zot:5    | Gained mutation: Your spells are a little easier to cast,
                  | but a little less powerful. [an orb of fire]
 75298 | Zot:5    | Gained mutation: You are dopey. (Int -2) [an orb of fire]
 75303 | Zot:5    | Killed an orb of fire
 75349 | Zot:5    | Noticed an ancient lich
 75349 | Zot:5    | Noticed an orb of fire
 75386 | Zot:5    | Killed an ancient lich
 75434 | Zot:5    | Paralysed by a Zot trap for 5 turns
 75534 | Zot:5    | Got the Orb of Zot
 75535 | Zot:5    | Gained mutation: Armour fits poorly on your strangely
                  | shaped body. [an orb of fire]
 75539 | Zot:5    | Gained mutation: You are very frail. (-20% HP) [an orb of
                  | fire]
 75540 | Zot:5    | Gained mutation: You are occasionally teleported next to
                  | monsters. [an orb of fire]
 75569 | Zot:5    | Killed an ancient lich
 75577 | Zot:5    | HP: 3/193 [black draconian monk/bolt of lightning (8)]
 75579 | Zot:5    | Killed from afar by a green draconian knight

Illustrated notes

Levels and vault maps discovered:
D:1:      dpeg_arrival_oval, layout_loops_corners
D:2:      layout_loops_ring, elyvilon_altar_1
D:3:      layout_basic, lemuel_doored_altar, okawaru_gym_becter,
          cheibrodos_sewer_entry_bend, minmay_diced_spiral
D:4:      layout_cave_pools, grunt_ministairs_13, trog_hazing_becter,
          uniq_natasha, uniq_edmund
D:5:      layout_loops_corners, general_overflow_altar,
          minmay_temple_entry_water_ring, uniq_duvessa, uniq_blork_the_orc
D:6:      layout_cave_pools
D:7:      layout_basic, lemuel_coloured_pillars_altar, serial_shops, shop,
          nicolae_shop_trees, shop, shop
D:8:      layout_basic
D:9:      layout_basic, kennysheep_mini_moat, ashenzari_altar_1
D:10:     layout_irregular_city, zombieorc1_lemuel, enter_bailey_5,
          kennysheep_cross_bottleneck
D:11:     layout_long_grid, lair_entry_dummy
D:12:     layout_roguey, library_closet, kennysheep_generic_room_8
D:13:     nzn_winding_woodlands_medium [nzn_winding_woodlands_5x5_closed_star,
          nzn_winding_woodlands_5x15_default,
          nzn_winding_woodlands_5x5_checkerboard,
          nzn_winding_woodlands_5x5_perimeter,
          nzn_winding_woodlands_center_garden, nzn_winding_woodlands_hourglass,
          nzn_winding_woodlands_5x5_cross, nzn_winding_woodlands_5x15_crooked,
          nzn_winding_woodlands_5x5_default], layout_basic, david_vaults_2,
          serial_shops, bzr_entry_safe, grunt_ministairs_8, uniq_azrael
D:14:     layout_basic, jiyva_altar_1
D:15:     hangedman_depths_entry_try_elsewhere_first, layout_loops_ring,
          kennysheep_pointless_box, uniq_roxanne
Lair:1:   layout_layer_cave, cheibrodos_lair_lostbears
Lair:2:   layout_layer_cave, special_room [special_room_bee]
Lair:3:   layout_gridlike, elwin_shoals_entry_rocks, grunt_megastairs_3
Lair:4:   layout_roguey, spider_nest_entry_a, beast_lair_carwin_5
Lair:5:   layout_layer_cave, minmay_slime_entry_pillars,
          grunt_forest_large_clearings, uniq_sonja
Lair:6:   guppyfry_lair_end_dragon, layout_regular_city, wormcave, basic_altar
Shoals:1: layout_shoals, portal_ice_cave_entry_pillars_1, uniq_kirke
Shoals:2: layout_shoals, uniq_polyphemus
Shoals:3: layout_shoals
Shoals:4: shoals_end_simple, layout_shoals, uniq_nikola
Spider:1: layout_spider_delve, uniq_josephine, uniq_aizul
Spider:2: layout_spider_delve, hive_lemuel
Spider:3: nicolae_spider_mines_3, uniq_arachne, uniq_louise, uniq_bai_suzhen
Spider:4: grunt_spider_rune_circles, nicolae_spider_cling_ruins
Orc:1:    layout_diamond_mine, serial_shops, shop_statue, amcnicky_altar_gilded
Orc:2:    grunt_orc_cross, layout_caves
Elf:1:    eino_elf_arrival_customs, layout_geoelf_grid, minmay_elf_sorcery
Elf:2:    layout_loops_cross, serial_sigils_hangedman_shear, glass_columns_a,
          st_stairs_3, nicolae_rare_books
Vaults:1: v_misc_9, v_misc_3, hangedman_vaults_variations, v_rooms_4,
          nicolae_vaults_network_s, ontoclasm_vaults_tryst, vaults_room_grid,
          vaults_mumra_hex, ontoclasm_vaults_pinch, layout_vaults_chaotic_city
Vaults:2: hangedman_vaults_stitches, ontoclasm_vaults_gateway, v_pattern_1,
          dpeg_vaults_monster_row, minmay_crypt_entry_nasty_monster,
          nicolae_vaults_network_quinsquares
          [nicolae_vaults_network_quincunx_subvault,
          nicolae_vaults_network_quincunx_subvault,
          nicolae_vaults_network_quincunx_subvault,
          nicolae_vaults_network_quincunx_subvault],
          nicolae_vaults_quartermaster, nicolae_vaults_what_the_h,
          hangedman_vaults_trim, nicolae_vaults_little_squares_3,
          layout_vaults_omnicross, serial_shops, shop
Vaults:3: nicolae_vaults_network_star, hangedman_vaults_nodes,
          nicolae_vaults_little_squares_4, ontoclasm_vaults_fault,
          grunt_vaults_funnel, nicolae_vaults_display_case,
          hangedman_vaults_maws, nicolae_vaults_windows_and_doors_thing,
          v_pattern_5, v_misc_16, ontoclasm_vaults_ring_large,
          layout_vaults_maze, serial_shops, shop
Vaults:4: v_misc_1, ontoclasm_vaults_shout, nicolae_vaults_shelves_hall,
          vaults_room_ringed_pool, vaults_room_door_ring, grunt_vaults_bifocal,
          vaults_room_semicircle, layout_vaults_omnigrid
Vaults:5
Crypt:1:  layout_rooms, mu_enter_wizlab_5, tombwall_bobbens
Crypt:2:  layout_chaotic_city
Crypt:3:  quadcrypt_mu, uniq_margery, uniq_frederick
Depths:1: layout_forbidden_donut, serial_bayou_pond_d, pf_hell_entry_great_geh,
          kennysheep_generic_room_16, minmay_shop_star
Depths:2: hangedman_screamer, layout_cave_pools, grunt_hell_entry_dis_mu,
          grunt_decor_junction, serial_shops, shop, uniq_asterion
Depths:3: minmay_guarded_unrand_majin_bo, layout_gridville,
          minmay_room_of_horrors, rand_demon_pan_entry_5,
          serial_sigils_hangedman_snap, hell_entry,
          infiniplex_staircase_spiral_double
Depths:4: nooodl_heptagram, layout_cave_shapes, hex_medium, grunt_hell_horde,
          abyss_entry, grunt_ministairs_9
Depths:5: grunt_zot_entry_bicorn, layout_cave_shapes, enter_ziggurat_e,
          fountainhead, serial_column_ruins, column_ruins_columns_corner,
          column_ruins_columns_straight, column_ruins_open_tiny,
          column_ruins_columns_water, hell_entry,
          minmay_checkered_concentric_circles, uniq_xtahua
Zot:1:    layout_basic, ebering_ghost_xom
Zot:2:    gammafunk_its_a_trap, layout_gridlike
Zot:3:    layout_gridlike
Zot:4:    layout_onion_interference, gammafunk_ghost_mausoleum,
          st_single_dragon_hoard_2
Zot:5:    layout_basic

Skill      XL: |  1  2  3  4  5  6  7  8  9 10 11 12 13 14 15 16 17 18 19 20 21 22 23 24 25 26 |
---------------+-------------------------------------------------------------------------------+-----
Axes           | 2 3 4 5 6 7 8 9 11 13 14 15 16 17 18 19 20 | 20.3
Fighting       | 3 4 5 6 7 8 10 11 12 14 16 17 18 19 20 21 | 21.2
Shields        | 3 4 5 6 7 8 9 10 11 12 13 14 15 16 17 | 17.5
Armour         | 3 4 5 6 7 8 10 11 12 13 14 | 14.8
Dodging        | 1 2 3 4 5 6 7 8 9 10 11 12 13 14 | 14.1
Throwing       | 1 2 3 4 5 6 7 8 9 10 11 14 15 16 17 | 17.3
Evocations     | 1 2 3 4 5 6 7 8 9 11 12 13 14 | 14.0
Maces & Flails | 1 3 4 5 6 |  6.8
Crossbows      | 4 5 6 9 10 11 12 | 12.0
Short Blades   | 9 11 12 | 12.2
Polearms       | 1 |  1.3
Long Blades    | |  0.7

Action                   |  1- 3 |  4- 6 |  7- 9 | 10-12 | 13-15 | 16-18 | 19-21 | 22-24 | 25-27 || total
-------------------------+-------+-------+-------+-------+-------+-------+-------+-------+-------++-------
Melee: War axe           |    91 |   132 |   204 |   641 |  1181 |   702 |   384 |       |       ||  3335
       Headbutt          |       |       |    85 |   238 |   484 |   454 |   544 |   582 |   124 ||  2511
       Whip              |       |       |    70 |       |     7 |       |       |       |       ||    77
       Flail             |       |       |       |    13 |    18 |       |    75 |    49 |       ||   155
       Mace              |       |       |       |     1 |    13 |       |       |       |       ||    14
       Battleaxe         |       |       |       |       |   262 |       |       |       |       ||   262
       Rapier            |       |       |       |       |       |   622 |   473 |    57 |       ||  1152
       Broad axe         |       |       |       |       |       |   122 |   666 |  1215 |   359 ||  2362
       Staff             |       |       |       |       |       |       |    10 |       |       ||    10
       Long sword        |       |       |       |       |       |       |     5 |   230 |       ||   235
       Demon trident     |       |       |       |       |       |       |       |     4 |       ||     4
 Fire: Hand crossbow     |       |       |       |       |       |    10 |   245 |   122 |       ||   377
Throw: Dart              |       |     7 |    32 |    28 |   140 |    46 |    30 |       |       ||   283
       Throwing net      |       |       |     3 |       |       |     5 |     6 |     3 |     1 ||    18
       Boomerang         |       |       |       |   108 |   415 |   281 |    28 |       |       ||   832
       Javelin           |       |       |       |    11 |   134 |    14 |   261 |   380 |   192 ||   992
 Abil: Evoke Berserk Rag |       |       |       |       |     1 |     7 |     2 |     4 |       ||    14
       Evoke Flight      |       |       |       |       |       |       |     9 |       |       ||     9
Evoke: Wand              |       |    33 |    47 |    34 |    88 |    41 |   112 |    37 |       ||   392
       Lightning rod     |       |       |       |     2 |    16 |    12 |    21 |       |       ||    51
       Tin of tremorston |       |       |       |       |     5 |     9 |     8 |     7 |     1 ||    30
       Phantom mirror    |       |       |       |       |     1 |     5 |     6 |     3 |     1 ||    16
       Condenser vane    |       |       |       |       |       |       |       |     3 |     1 ||     4
       Box of beasts     |       |       |       |       |       |       |       |     2 |     1 ||     3
       Phial of floods   |       |       |       |       |       |       |       |     1 |     1 ||     2
  Use: Scroll            |       |    14 |    16 |    14 |    27 |    15 |    29 |    21 |     7 ||   143
       Potion            |       |     4 |     9 |     5 |    18 |     6 |     6 |     7 |     7 ||    62
 Stab: Paralysed         |       |       |       |    25 |       |     5 |    12 |     4 |       ||    46
       Invisible         |       |       |       |     2 |       |       |       |       |       ||     2
       Distracted        |       |       |       |       |     1 |       |     1 |     2 |       ||     4
       Held in net/web   |       |       |       |       |       |       |     2 |       |       ||     2
       Petrified         |       |       |       |       |       |       |       |     1 |       ||     1
Armor: Scale mail        |    30 |       |       |       |       |       |       |       |       ||    30
       Plate armour      |    39 |    78 |    73 |    75 |       |       |       |       |       ||   265
       Chain mail        |       |     2 |    29 |   121 |   431 |   215 |    46 |       |       ||   844
       Skin              |       |       |    27 |       |    20 |     4 |       |       |       ||    51
       Swamp dragon scal |       |       |       |     4 |    35 |       |       |       |       ||    39
       Storm dragon scal |       |       |       |       |       |   215 |   330 |    16 |   145 ||   706
       Crystal plate arm |       |       |       |       |       |       |   120 |   704 |       ||   824
Dodge: Dodged            |    17 |    25 |    53 |   183 |   670 |   422 |   501 |   533 |   157 ||  2561
       Repelled          |       |       |     2 |       |    11 |    16 |    15 |    17 |    14 ||    75
Block: Kite shield       |    51 |    79 |   283 |   635 |  1092 |  1268 |  1554 |  1290 |   260 ||  6512
       Other             |       |       |       |       |    47 |       |       |       |       ||    47
       Buckler           |       |       |       |       |    57 |       |       |       |       ||    57
       Rpst.: Long sword |       |       |       |       |       |       |       |     9 |       ||     9
